AoeStats
← thomasphuong.le

MegaRandom

510867966Analyzed
3v3 RM · 17h ago on Oct 2, 2026· 85m 35s· 6 players
Game mode
Random Map
Map size
Normal (6 player)
Population
200
Speed
Normal
Resources
Standard
Victory
Conquest
Starting age
Dark Age
Ending age
Imperial Age
RankedLock teamsTeams togetherTeam positionsShared explorationLock speedFull tech treeHidden civsTurbo modeCheats
Victory
Defeat
🇦🇷 Vikings · Argentina
1406
+15
🇧🇷 Gurjaras · Brazil
1356
+17
🇦🇷 Spanish · Argentina
1337
+17
🇫🇷 Berbers · France
1388
-17
🇫🇷 Varangians · France
1366
-16
🇫🇷 Mongols · France
1356
-16
Guido
7:00 Loom
10:31 Feudal Age
11:04 Double-Bit Axe
15:05 Wheelbarrow
18:59 Castle Age
17:32 Scale Barding Armor
18:04 Horse Collar
18:56 Bloodlines
18:57 Forging
24:57 Bow Saw
28:26 Husbandry
28:15 Town Watch
29:00 Chain Barding Armor
30:46 Iron Casting
30:43 Heavy Plow
32:39 Gold Mining
32:42 Stone Mining
33:28 Hand Cart
36:04 Imperial Age
36:02 Gold Shaft Mining
36:04 Stone Shaft Mining
36:24 Heavy Camel Rider
37:42 Plate Barding Armor
36:32 Light Cavalry
37:49 Hussar
41:39 Crop Rotation
42:34 Conscription
43:02 Frontier Guards
46:11 Ballistics
45:47 Fletching
51:09 Bodkin Arrow
56:49 Bracer
62:30 Coinage
64:18 Banking
73:13 Elite Shrivamsha Rider
SanMartin
11:08 Feudal Age
11:47 Double-Bit Axe
11:44 Horse Collar
12:59 Town Watch
13:02 Loom
17:56 Fletching
21:03 Castle Age
19:19 Scale Mail Armor
19:53 Forging
22:10 Chain Mail Armor
24:59 Town Watch
27:37 Iron Casting
27:04 Squires
27:17 Arson
28:15 Gold Mining
38:45 Imperial Age
36:38 Bow Saw
36:36 Bodkin Arrow
37:09 Elite Skirmisher
38:30 Padded Archer Armor
39:50 Ballistics
40:31 Chemistry
39:36 Bracer
41:24 Two-Man Saw
41:52 Conscription
41:57 Leather Archer Armor
41:57 Masonry
43:41 Ring Archer Armor
44:34 Elite Varangian Guard
49:06 Plate Mail Armor
50:02 Caravan
56:33 Blast Furnace
57:49 Scale Barding Armor
58:06 Pikeman
59:38 Light Cavalry
61:08 Chain Barding Armor
63:27 Chieftains
64:04 Hoardings
66:18 Architecture
65:29 Treadmill Crane
ComeGordas69505
11:50 Feudal Age
13:07 Loom
20:09 Double-Bit Axe
20:07 Horse Collar
26:36 Castle Age
24:43 Gold Mining
25:44 Forging
25:40 Scale Barding Armor
27:06 Bloodlines
31:11 Bow Saw
32:34 Wheelbarrow
32:42 Chain Barding Armor
32:58 Iron Casting
32:57 Chain Barding Armor
39:56 Iron Casting
39:56 Husbandry
43:05 Fletching
46:56 Imperial Age
44:43 Hand Cart
44:13 Town Watch
44:48 Bodkin Arrow
48:43 Conscription
48:57 Heavy Plow
48:43 Elite Conquistador
50:30 Bracer
52:10 Chemistry
51:50 Caravan
57:17 Light Cavalry
58:50 Plate Barding Armor
59:16 Blast Furnace
59:26 Hussar
61:52 Conscription
65:04 Two-Man Saw
68:22 Pikeman
69:02 Squires
68:51 Arson
69:09 Scale Mail Armor
69:34 Halberdier
76:14 Chain Mail Armor
78:16 Plate Mail Armor
LONG
7:55 Loom
8:52 Loom
10:55 Feudal Age
12:01 Feudal Age
12:26 Feudal Age
13:15 Double-Bit Axe
20:12 Forging
20:08 Scale Barding Armor
22:49 Castle Age
22:08 Bloodlines
22:14 Scale Barding Armor
22:57 Stone Mining
24:05 Chain Barding Armor
23:59 Bow Saw
24:19 Husbandry
25:13 Wheelbarrow
26:03 Gold Mining
28:28 Hand Cart
29:19 Iron Casting
28:51 Town Watch
31:35 Horse Collar
33:38 Fletching
42:21 Imperial Age
39:59 Light Cavalry
42:36 Elite Jarl
44:29 Blast Furnace
45:00 Plate Barding Armor
45:00 Conscription
46:26 Bodkin Arrow
46:33 Town Patrol
47:35 Two-Man Saw
47:26 Coinage
46:57 Caravan
47:02 Vendel Legacy
49:23 Squires
50:45 Banking
53:28 Guilds
55:17 Stone Shaft Mining
54:44 Heavy Plow
58:42 Pikeman
62:27 Gambesons
62:29 Arson
63:16 Scale Mail Armor
64:12 Chain Mail Armor
66:54 Plate Mail Armor
phile.asur
5:06 Loom
10:34 Feudal Age
11:03 Double-Bit Axe
12:15 Gold Mining
16:21 Fletching
20:16 Padded Archer Armor
24:23 Castle Age
23:07 Stone Mining
24:34 Horse Collar
24:29 Crossbowman
25:18 Thumb Ring
27:43 Bodkin Arrow
29:09 Town Watch
31:12 Heavy Plow
33:23 Wheelbarrow
38:11 Imperial Age
36:11 Forging
38:43 Leather Archer Armor
38:52 Ballistics
38:58 Bow Saw
38:58 Bracer
39:06 Kasbah
39:50 Hoardings
39:24 Husbandry
39:59 Conscription
42:04 Chemistry
42:58 Ring Archer Armor
43:07 Hand Cart
43:39 Elite Camel Archer
46:24 Elite Genitour
53:04 Scale Barding Armor
53:36 Iron Casting
53:14 Bloodlines
52:25 Light Cavalry
53:47 Hussar
54:55 Chain Barding Armor
55:51 Caravan
56:24 Coinage
64:49 Plate Barding Armor
71:03 Blast Furnace
72:22 Squires
thomasphuong.le
4:16 Loom
12:38 Feudal Age
17:26 Castle Age
16:40 Double-Bit Axe
21:54 Horse Collar
25:40 Heavy Plow
27:24 Wheelbarrow
28:47 Hand Cart
32:07 Stone Mining
35:37 Imperial Age
33:11 Fletching
34:43 Bodkin Arrow
34:48 Padded Archer Armor
34:54 Scale Barding Armor
35:00 Forging
37:14 Stone Shaft Mining
36:44 Bracer
37:00 Leather Archer Armor
37:22 Bloodlines
37:13 Husbandry
38:21 Conscription
38:31 Chain Barding Armor
40:49 Chemistry
39:56 Light Cavalry
41:05 Gold Mining
40:58 Hussar
49:21 Bow Saw
53:44 Elite Skirmisher
54:35 Thumb Ring
56:00 Ballistics
57:18 Iron Casting
59:17 Blast Furnace
59:11 Town Watch
65:25 Heavy Camel Rider
68:08 Town Patrol
Connection lost

Rejoining the realm…

Still unreachable

The connection could not be restored.

Session expired

The server has moved on; the page needs a fresh start.